 Dungeon Crawl Stone Soup version 0.23-a0-629-gae4348f (webtiles) character file.

175 Lanoc the Chopper (level 5, 0/45 HPs)
             Began as a Hill Orc Transmuter on Dec 26, 2018.
             Slain by an orc
             ... wielding a +0 hand axe
              (5 damage)
             ... on level 3 of the Dungeon.
             The game lasted 00:05:25 (2337 turns).

Lanoc the Chopper (Hill Orc Transmuter)             Turns: 2337, Time: 00:05:25

Health: 0/45       AC:  6    Str: 14    XL:     5   Next: 55%
Magic:  7/7        EV: 12    Int: 13    God:
Gold:   115        SH:  0    Dex: 11    Spells: 6/7 levels left

rFire    . . .     SeeInvis .   h - +0 hand axe
rCold    . . .     Gourm    .   (no shield)
rNeg     . . .     Faith    .   b - +0 robe
rPois    .         Spirit   .   (no helmet)
rElec    .         Reflect  .   t - +0 cloak
rCorr    .         Harm     .   (no gloves)
MR       .....                  (no boots)
Stlth    ++........             (no amulet)
HPRegen  0.15/turn              e - +3 ring of protection
MPRegen  0.10/turn              q - ring of stealth

@: no status effects
A: no striking features
a: no special abilities


You were on level 3 of the Dungeon.
You were hungry.

You visited 1 branch of the dungeon, and saw 3 of its levels.

You collected 115 gold pieces.

Inventory:

Hand Weapons
 h - a +0 hand axe (weapon)
Missiles
 a - 12 arrows
Armour
 b - a +0 robe (worn)
 t - a +0 cloak (worn)
Jewellery
 e - a +3 ring of protection (left hand)
 q - a ring of stealth (right hand)
Wands
 s - a wand of random effects (20)
Scrolls
 c - 3 scrolls of remove curse
 g - 3 scrolls of blinking {unknown}
 j - 3 scrolls of identify {unknown}
 k - a scroll of immolation {unknown}
 m - a scroll of random uselessness {unknown}
 n - a scroll of magic mapping {unknown}
 o - a scroll of teleportation {unknown}
 p - 2 scrolls of fear {unknown}
 r - a scroll of enchant weapon {unknown}
 v - a scroll of fog {unknown}
Potions
 f - a potion of ambrosia {unknown}
 i - a potion of curing {unknown}
 l - 2 potions of flight {unknown}
Comestibles
 d - 7 rations
 u - 3 chunks of flesh


   Skills:
 + Level 3.0 Fighting
 * Level 3.7 Axes
 + Level 2.4 Armour
 + Level 2.5 Dodging
 - Level 3.2 Unarmed Combat
 - Level 1.5 Spellcasting
 - Level 1.3 Transmutations


You had 6 spell levels left.
You knew the following spells:

 Your Spells              Type           Power        Failure   Level  Hunger
a - Beastly Appendage     Tmut           #.....       16%         1    ##.....

Your spell library contained the following spells:

 Spells                   Type           Power        Failure   Level  Hunger
 Sticks to Snakes         Tmut           #.......     22%         2    ###....
 Spider Form              Tmut/Pois      #.........   52%         3    ####...
 Ice Form                 Ice/Tmut       #.......     89%         4    #####..
 Blade Hands              Tmut           #.........   99%         5    ######.


Dungeon Overview and Level Annotations

Branches:
Dungeon (3/15)

Altars:
Qazlal


Message History

You barely miss the orc.
The orc is moderately wounded.
The orc hits you but does no damage.
You hit the orc but do no damage.
The orc is moderately wounded.
The orc closely misses you.
You hit the orc but do no damage.
The orc is moderately wounded.
The orc barely misses you.
You closely miss the orc.
The orc is moderately wounded.
The orc hits you with a +0 hand axe.
* * * LOW HITPOINT WARNING * * *
You hit the orc.
The orc is severely wounded.
The orc closely misses you.
You hit the orc but do no damage.
The orc is severely wounded.
The orc hits you with a +0 hand axe.
You die...

#...........# #.#
#######.....(##########..
.........................
######......#####..#####
#......# ##.# # #......#
#.# # #......# #.# #
#......# #.## #
#######†@..$.# #..# #
.......o###### ##.# #
........# #.####
........# ###..#.#
........# #.......
........# #.##.#.÷
........# ####.##.#..
........# #.......#..
........# #######....


You could see an orc.

Vanquished Creatures
  Crazy Yiuf (D:2)
  An orc wizard (D:3)
  Ijyb (D:3)
  2 adders (D:3)
  An ooze (D:2)
  A worm (D:3)
  4 dart slugs
  2 leopard geckos
  3 orcs (D:3)
  3 giant cockroaches (D:1)
  6 goblins
  8 hobgoblins
  7 kobolds
  A quokka (D:3)
  2 ball pythons (D:3)
  5 bats
  6 frilled lizards
  7 rats
61 creatures vanquished.

Notes
Turn   | Place    | Note
-------+----------+-------------------------------------------
     0 | D:1      | Lanoc the Hill Orc Transmuter began the quest for the Orb.
     0 | D:1      | Reached XP level 1. HP: 16/16 MP: 3/3
   263 | D:1      | Reached XP level 2. HP: 23/23 MP: 2/4
   269 | D:1      | Reached skill level 1 in Armour
   418 | D:1      | Reached skill level 1 in Axes
   652 | D:1      | Reached XP level 3. HP: 29/29 MP: 5/5
  1157 | D:2      | Found a runed door.
  1290 | D:2      | Found a stormy altar of Qazlal.
  1480 | D:2      | Noticed Crazy Yiuf
  1491 | D:2      | Killed Crazy Yiuf
  1491 | D:2      | Reached XP level 4. HP: 15/37 MP: 6/6
  1821 | D:3      | Reached XP level 5. HP: 20/44 MP: 7/7
  2105 | D:3      | Noticed Ijyb
  2160 | D:3      | Killed Ijyb
  2337 | D:3      | Slain by an orc

Vault maps used:
D:1:      dpeg_arrival_tiny_e, minmay_pentomino_r4
D:2:      nicolae_qazlal_eye_of_the_storm,
          wander_ebering_terrifying_dragon_lair, uniq_crazy_yiuf_cottage
D:3:      chequers_ecumenical_altar_simple, uniq_ijyb, uniq_sigmund,
          uniq_natasha

Skill      XL: |  1  2  3  4  5 |
---------------+----------------+-----
Armour         | 1 2 |  2.4
Fighting       | 2 3 |  3.0
Axes           | 1 2 3 |  3.7
Dodging        | 2 |  2.5
Unarmed Combat | |  3.2
Spellcasting   | |  1.5
Transmutations | |  1.3

Action                   |  1- 3 |  4- 6 || total
-------------------------+-------+-------++-------
Melee: Unarmed           |    37 |     4 ||    41
       Kick              |     3 |       ||     3
       Headbutt          |     1 |       ||     1
       Hand axe          |    84 |   132 ||   216
       Punch             |       |     1 ||     1
 Cast: Beastly Appendage |     3 |       ||     3
  Use: Scroll            |     1 |       ||     1
 Stab: Sleeping          |     1 |     1 ||     2
       Invisible         |     1 |       ||     1
  Eat: Chunk             |     1 |       ||     1
       Ration            |       |     1 ||     1
Armor: Robe              |    38 |    49 ||    87
Dodge: Dodged            |    82 |    78 ||   160

Table legend:
 A = Non-vault XP
 B = Vault XP
 C = Vault XP percentage of total XP
 D = Non-vault monster count
 E = Vault monster count
 F = Vault count percentage of total count
                 A         B        C        D         E       F
            +---------+---------+-------+---------+---------+-------
      Total |     168 |      83 |  33.1 |      54 |       7 |  11.5
            +---------+---------+-------+---------+---------+-------
        D:1 |      47 |       6 |  11.3 |      25 |       4 |  13.8
        D:2 |      22 |      41 |  65.1 |      10 |       2 |  16.7
        D:3 |      99 |      36 |  26.7 |      19 |       1 |   5.0
            +---------+---------+-------+---------+---------+-------
